AoeStats
← 玩印度的哥们硬不起来

Arena

510301361Analyzed
4v4 RM · 2d ago on Sep 30, 2026· 54m 43s· 8 players
Game mode
Random Map
Map size
Large (8 player)
Population
200
Speed
Normal
Resources
Standard
Victory
Conquest
Starting age
Dark Age
Ending age
Imperial Age
RankedLock teamsTeams togetherTeam positionsShared explorationLock speedFull tech treeHidden civsTurbo modeCheats
Victory
Defeat
🇦🇷 Poles · Argentina
1473
+15
🇩🇴 Hindustanis · Dominican Republic
1472
+15
🇦🇷 Italians · Argentina
1462
+16
🇨🇳 Cumans · China
1386
+19
1503
-18
1485
-18
🇭🇰 Teutons · Hong Kong SAR China
1431
-15
🇨🇳 Khmer · China
1396
-14
kinwaleung18
5:56 Loom
8:27 Feudal Age
11:53 Fletching
16:27 Double-Bit Axe
25:01 Horse Collar
30:40 Wheelbarrow
32:24 Castle Age
34:37 Bow Saw
34:28 Heavy Plow
38:01 Gold Mining
38:02 Stone Mining
39:34 Hand Cart
43:16 Imperial Age
41:58 Stone Shaft Mining
42:36 Fortified Wall
43:39 Scale Mail Armor
43:49 Forging
43:39 Scale Mail Armor
43:49 Forging
43:42 Town Watch
45:16 Chemistry
43:54 Onager
44:58 Conscription
45:00 Chain Mail Armor
45:20 Iron Casting
44:58 Pikeman
45:59 Halberdier
46:41 Squires
47:40 Plate Mail Armor
48:11 Blast Furnace
47:41 Guilds
46:56 Elite Skirmisher
48:08 Ballistics
49:19 Bodkin Arrow
49:31 Arson
50:14 Masonry
53:12 Man-at-Arms
53:37 Gambesons
QHB挂b户口本1页
11:08 Feudal Age
15:18 Castle Age
13:23 Horse Collar
14:01 Double-Bit Axe
16:53 Bow Saw
22:17 Wheelbarrow
21:49 Gold Mining
22:11 Heavy Plow
22:44 Town Watch
23:38 Gold Mining
24:12 Stone Mining
25:00 Loom
28:27 Imperial Age
26:33 Hand Cart
27:42 Fletching
28:00 Padded Archer Armor
28:49 Stone Shaft Mining
28:50 Gold Shaft Mining
29:16 Bodkin Arrow
29:39 Leather Archer Armor
29:44 Siege Engineers
30:03 Conscription
29:03 Elite Ballista Elephant
29:46 Double Crossbow
29:16 Pikeman
31:41 Tusk Swords
31:51 Halberdier
32:35 Bracer
32:35 Scale Mail Armor
32:47 Forging
32:52 Light Cavalry
33:43 Bloodlines
33:34 Husbandry
34:25 Hoardings
34:51 Ring Archer Armor
36:58 Chemistry
46:38 Scale Barding Armor
47:10 Iron Casting
46:50 Masonry
46:51 Fortified Wall
48:47 Hussar
玩印度的哥们硬不起来
2:33 Loom
4:26 Loom
11:04 Feudal Age
14:47 Castle Age
13:27 Double-Bit Axe
13:56 Horse Collar
16:48 Heavy Plow
16:59 Bow Saw
20:11 Wheelbarrow
19:02 Pikeman
21:05 Scale Mail Armor
26:49 Wheelbarrow
27:26 Gold Mining
28:49 Chain Mail Armor
31:16 Imperial Age
29:31 Forging
30:28 Iron Casting
30:21 Squires
31:18 Capped Ram
32:23 Gambesons
33:12 Plate Mail Armor
32:13 Siege Ram
34:37 Halberdier
36:56 Blast Furnace
38:53 Stone Mining
39:40 Gold Shaft Mining
40:17 Onager
40:59 Fletching
41:09 Padded Archer Armor
41:43 Elite Skirmisher
43:51 Stone Shaft Mining
43:25 Bodkin Arrow
44:38 Crop Rotation
45:06 Bracer
47:50 Conscription
[QHB] Noel Vermillion
9:03 Loom
11:23 Feudal Age
12:33 Double-Bit Axe
12:31 Horse Collar
16:59 Fletching
24:15 Castle Age
22:39 Scale Mail Armor
23:50 Gold Mining
24:18 Forging
29:31 Pikeman
30:12 Squires
31:28 Chain Mail Armor
37:11 Iron Casting
37:01 Arson
37:58 Bow Saw
41:43 Imperial Age
39:49 Wheelbarrow
40:02 Ballistics
39:38 Bodkin Arrow
41:10 Gold Shaft Mining
40:47 Thumb Ring
40:55 Bloodlines
40:45 Husbandry
41:22 Padded Archer Armor
42:50 Parthian Tactics
42:26 Bracer
43:29 Chemistry
43:25 Leather Archer Armor
42:41 Heavy Cavalry Archer
49:34 Ring Archer Armor
50:14 Conscription
51:24 Kataparuto
54:23 Siege Engineers
RD | Telematico
10:07 Feudal Age
14:02 Castle Age
12:21 Double-Bit Axe
13:16 Horse Collar
20:24 Bow Saw
22:25 Wheelbarrow
23:15 Gold Mining
24:18 Heavy Plow
27:19 Imperial Age
25:24 Hand Cart
25:05 Loom
25:06 Town Watch
26:06 Scale Barding Armor
26:11 Forging
27:04 Bloodlines
26:56 Husbandry
27:27 Chain Barding Armor
28:26 Iron Casting
28:28 Gold Shaft Mining
27:43 Stone Mining
27:56 Town Patrol
29:07 Two-Man Saw
27:33 Heavy Camel Rider
29:38 Stone Shaft Mining
30:23 Plate Barding Armor
29:59 Imperial Camel Rider
32:06 Blast Furnace
31:47 Masonry
33:46 Chemistry
33:06 Ballistics
32:38 Fletching
32:48 Padded Archer Armor
32:38 Fletching
32:48 Padded Archer Armor
33:13 Murder Holes
33:31 Fortified Wall
34:09 Shatagni
34:09 Grand Trunk Road
34:31 Conscription
33:40 Light Cavalry
34:44 Bodkin Arrow
35:26 Bracer
35:42 Leather Archer Armor
37:33 Siege Elephant
39:30 Leather Archer Armor
42:27 Siege Engineers
42:13 Guard Tower
43:34 Coinage
45:20 Elite Skirmisher
46:31 Ring Archer Armor
45:41 Hussar
51:14 Scale Mail Armor
52:05 Banking
[BadStart] The Shadow
0:51 Loom
4:03 Loom
5:50 Loom
8:14 Feudal Age
8:57 Double-Bit Axe
9:53 Fletching
14:34 Horse Collar
21:54 Castle Age
20:00 Gold Mining
20:41 Town Watch
20:49 Stone Mining
23:08 Bow Saw
23:00 Heavy Plow
28:01 Fortified Wall
28:09 Bodkin Arrow
30:02 Ballistics
33:01 Imperial Age
31:13 Wheelbarrow
31:32 Padded Archer Armor
32:26 Stone Shaft Mining
32:29 Hand Cart
33:01 Leather Archer Armor
34:44 Chemistry
33:52 Bracer
34:21 Thumb Ring
35:17 Two-Man Saw
35:17 Masonry
38:31 Ring Archer Armor
37:50 Elite Genoese Crossbowman
38:37 Elite Genoese Crossbowman
40:24 Conscription
40:28 Silk Road
41:38 Pirotechnia
43:06 Caravan
43:36 Coinage
43:17 Guilds
Skavio22
11:11 Feudal Age
14:45 Castle Age
14:17 Horse Collar
14:23 Double-Bit Axe
14:38 Loom
15:51 Bow Saw
20:50 Bloodlines
22:57 Forging
26:05 Scale Barding Armor
26:28 Husbandry
27:17 Wheelbarrow
28:26 Hand Cart
32:14 Imperial Age
30:43 Scale Mail Armor
30:45 Heavy Plow
30:59 Town Watch
31:52 Iron Casting
30:39 Light Cavalry
32:30 Chain Mail Armor
32:23 Gold Mining
32:24 Stone Mining
34:46 Cavalier
35:59 Plate Mail Armor
36:01 Crop Rotation
37:13 Blast Furnace
37:25 Conscription
37:33 Chain Barding Armor
38:58 Town Patrol
39:21 Fletching
40:01 Padded Archer Armor
40:00 Capped Ram
41:10 Szlachta Privileges
41:25 Bodkin Arrow
41:34 Winged Hussar
43:01 Lechitic Legacy
43:43 Town Patrol
43:49 Bracer
43:52 Padded Archer Armor
43:19 Siege Ram
48:08 Elite Obuch
52:11 Caravan
人生😈百态
8:42 Feudal Age
9:17 Double-Bit Axe
15:54 Loom
21:09 Town Watch
24:44 Wheelbarrow
24:14 Horse Collar
31:51 Castle Age
33:22 Stone Mining
33:23 Gold Mining
36:41 Imperial Age
34:40 Fletching
35:14 Ballistics
35:35 Gold Shaft Mining
35:49 Bodkin Arrow
38:15 Conscription
38:23 Padded Archer Armor
39:01 Hand Cart
39:21 Parthian Tactics
40:44 Bow Saw
43:31 Bloodlines
42:57 Capped Ram
44:47 Siege Ram
48:11 Thumb Ring
48:04 Light Cavalry
49:32 Leather Archer Armor
49:24 Steppe Husbandry
50:31 Heavy Plow
51:50 Ring Archer Armor
52:10 Scale Barding Armor
52:16 Forging
53:28 Chain Barding Armor
54:10 Crop Rotation
Connection lost

Rejoining the realm…

Still unreachable

The connection could not be restored.

Session expired

The server has moved on; the page needs a fresh start.